[Event "European Online Club-ch-B 2021"]
[Site "Online"]
[Date "2021.03.27"]
[Round "2.4"]
[White "Meylan, Andre"]
[Black "Nikel, Rastislav"]
[Result "1/2-1/2"]
[ECO "B74"]
[WhiteElo "2205"]
[BlackElo "1984"]
[Annotator "NA"]
[PlyCount "158"]
[EventDate "2021.03.27"]
[EventType "team-tourn"]
[EventCountry "NET"]
[SourceTitle "playchess.com"]
[Source "ChessBase"]
[SourceQuality "1"]
[TimeControl "900+5"]

1. e4 c5 2. Nf3 d6 3. d4 cxd4 4. Nxd4 Nf6 5. Nc3 g6 6. Be3 Bg7 7. Be2 O-O 8. O-O Nc6 9. f4 Bd7 10. Nb3 a6 11. a4 Rc8 12. Bf3 Qc7 13. Qd2 Rfd8 14. a5 Re8 15. Rfd1 Be6 16. Nd5 Bxd5 17. exd5 Nb8 18. c3 Nbd7 19. Bd4 Qc4 20. Nc1 e5 21. dxe6 Rxe6 22. Bxb7 Rce8 23. b3 Qc7 24. Bf3 Ne4 25. Bxe4 Rxe4 26. Bxg7 Kxg7 27. h3 Nf6 28. c4 Nh5 29. Nd3 Qa7+ 30. Kh2 Qd4 31. Nf2 Qxd2 32. Rxd2 Rxf4 33. Kg1 Rf6 34. Rad1 Ng3 35. Ng4 Rfe6 36. Rxd6 h5 37. Rxe6 Rxe6 38. Nh2 Re2 39. Nf1 Ne4 40. Rc1 Rb2 41. c5 Rxb3 42. c6 Nd6 43. c7 Nc8 44. Rc6 Rb7 45. Ne3 Rb5 46. Nc4 Rb1+ 47. Kh2 Rc1 48. Kg3 Kf8 49. Ne5 Rxc6 50. Nxc6 Ke8 51. Nb8 Ke7 52. Nxa6 Kd6 53. Kf4 f6 54. Ke4 Kc6 55. Kd4 Kb5 56. Nc5 Kxa5 57. Nd7 g5 58. Kc5 f5 59. Ne5 g4 60. h4 f4 61. Kc6 Ka6 62. Kd7 Kb7 63. Nc4 Na7 64. Nd6+ Kb6 65. Nc8+ Nxc8 66. Kxc8 f3 67. gxf3 gxf3 68. Kd7 f2 69. c8=Q f1=Q 70. Qc6+ Ka5 71. Qc3+ Ka4 72. Qd4+ Kb3 73. Ke6 Qh3+ 74. Kd5 Qd7+ 75. Ke4 Qg4+ 76. Kd5 Qd7+ 77. Ke4 Qg4+ 78. Ke5 Qg7+ 79. Ke4 Qg4+ 1/2-1/2

[Event "European Online Club-ch-B 2021"]
[Site "Online"]
[Date "2021.03.27"]
[Round "2.5"]
[White "Demidov, Mikhail"]
[Black "Gorodetzky, David"]
[Result "1-0"]
[ECO "D02"]
[WhiteElo "2523"]
[BlackElo "2495"]
[Annotator "ChessBase"]
[PlyCount "87"]
[EventDate "2021.03.27"]
[EventType "team-tourn"]
[EventCountry "NET"]
[SourceTitle "playchess.com"]
[Source "ChessBase"]
[SourceQuality "1"]
[TimeControl "900+5"]

1. Nf3 d5 2. g3 Nd7 3. d4 Nb6 4. Bg2 Bf5 5. Nh4 Be6 6. Nc3 Nf6 7. O-O g6 8. f4 Qd7 9. Qd3 Bf5 10. Nxf5 gxf5 11. a4 c6 12. a5 Nc4 13. Na4 e6 14. b3 Nd6 15. Nc5 Qc7 16. c4 Nde4 17. b4 a6 18. cxd5 exd5 19. Bd2 h5 20. Be1 h4 21. gxh4 Bd6 22. Qh3 Qc8 23. Bxe4 dxe4 24. Kh1 Nd5 25. e3 Bxc5 26. bxc5 Qe6 27. Rg1 O-O-O 28. Rg5 f6 29. Rg7 Rdg8 30. Rxg8+ Rxg8 31. Bf2 Nxf4 32. exf4 e3 33. Bg3 Qd5+ 34. Qg2 Qxd4 35. Re1 Qxc5 36. h5 Re8 37. Qa2 Qc3 38. Qf7 Re4 39. h6 Qxa5 40. h7 Qd8 41. Bh4 Kb8 42. Qxf6 Qd5 43. Qd8+ Qxd8 44. Bxd8 1-0

[Event "European Online Club-ch-B 2021"]
[Site "Online"]
[Date "2021.03.27"]
[Round "2.6"]
[White "Parkhov, Yair"]
[Black "Andriasyan, Siranush"]
[Result "1-0"]
[ECO "E06"]
[WhiteElo "2407"]
[BlackElo "2298"]
[Annotator "NA"]
[PlyCount "75"]
[EventDate "2021.03.27"]
[EventType "team-tourn"]
[EventCountry "NET"]
[SourceTitle "playchess.com"]
[Source "ChessBase"]
[SourceQuality "1"]
[TimeControl "900+5"]

1. d4 Nf6 2. c4 e6 3. g3 d5 4. Bg2 Be7 5. Nf3 O-O 6. Qc2 dxc4 7. Qxc4 a6 8. Bf4 Nd5 9. Bd2 b5 10. Qc1 Bb7 11. O-O Nc6 12. a3 Rb8 13. Rd1 Nf6 14. Be1 Ne4 15. b4 f5 16. Nc3 Nxc3 17. Bxc3 Bf6 18. Ra2 Ne7 19. Rad2 Be4 20. Bb2 Nd5 21. Ne1 Bxg2 22. Nxg2 Bg5 23. e3 Nb6 24. h4 Bf6 25. Nf4 Nc4 26. Nxe6 Qe7 27. Nxf8 Rxf8 28. Rc2 Qe6 29. d5 Qe4 30. Bxf6 Rxf6 31. Rd4 Qf3 32. Rcxc4 bxc4 33. Qxc4 f4 34. d6+ Kh8 35. dxc7 fxg3 36. Rd8+ Rf8 37. Rxf8+ Qxf8 38. c8=Q 1-0

[Event "European Online Club-ch-B 2021"]
[Site "Online"]
[Date "2021.03.27"]
[Round "2.7"]
[White "Pillard, Valentin"]
[Black "Veinberg, Nimrod"]
[Result "0-1"]
[ECO "C45"]
[WhiteElo "2103"]
[BlackElo "2404"]
[Annotator "NA"]
[PlyCount "106"]
[EventDate "2021.03.27"]
[EventType "team-tourn"]
[EventCountry "NET"]
[SourceTitle "playchess.com"]
[Source "ChessBase"]
[SourceQuality "1"]
[TimeControl "900+5"]

1. e4 e5 2. Nf3 Nc6 3. d4 exd4 4. Nxd4 Bc5 5. Nxc6 Qf6 6. Qf3 bxc6 7. Nd2 d6 8. Nb3 Bb6 9. a4 a5 10. Bd2 Qxf3 11. gxf3 Be6 12. Bc3 f6 13. Nd4 Bxd4 14. Bxd4 Ne7 15. Rg1 Kf7 16. b3 c5 17. Bc3 g5 18. O-O-O Ng6 19. Bb5 h5 20. Bc6 Ra6 21. Bb5 Raa8 22. Bc6 Ra7 23. e5 Nxe5 24. Bxe5 dxe5 25. c4 Ra6 26. Be4 Rd6 27. Rde1 h4 28. Bc2 Rhd8 29. Re2 Rd4 30. Rge1 Rb8 31. Re3 Bd7 32. Be4 Be6 33. Bc2 Rd6 34. Rg1 Rbd8 35. Re2 Bh3 36. Bb1 Rd4 37. Bc2 R8d6 38. Bb1 Bd7 39. Bc2 Bc6 40. Re3 Rf4 41. Bd1 g4 42. fxg4 Rxf2 43. g5 Rdd2 44. Bh5+ Ke6 45. g6 Ra2 46. Kb1 Rfb2+ 47. Kc1 Rxh2 48. Kb1 Rhb2+ 49. Kc1 f5 50. g7 Ra1+ 51. Kxb2 Rxg1 52. Rh3 Rxg7 53. Rxh4 Rh7 0-1

[Event "European Online Club-ch-B 2021"]
[Site "Online"]
[Date "2021.03.27"]
[Round "2.8"]
[White "Zlatin, Alexander"]
[Black "Ferey, Antonin"]
[Result "1-0"]
[ECO "C54"]
[WhiteElo "2343"]
[BlackElo "2148"]
[Annotator "NA"]
[PlyCount "95"]
[EventDate "2021.03.27"]
[EventType "team-tourn"]
[EventCountry "NET"]
[SourceTitle "playchess.com"]
[Source "ChessBase"]
[SourceQuality "1"]
[TimeControl "900+5"]

1. e4 e5 2. Nf3 Nc6 3. Bc4 Bc5 4. c3 Nf6 5. d3 a6 6. a4 Ba7 7. Nbd2 O-O 8. Bb3 d6 9. h3 Be6 10. Nf1 d5 11. Ng3 dxe4 12. dxe4 Bxb3 13. Qxb3 Qd3 14. Nd2 Na5 15. Qd1 Rad8 16. Qe2 Qc2 17. O-O Rd3 18. Nf3 Qxe2 19. Nxe2 Nb3 20. Ra3 Nxc1 21. Nxc1 Rdd8 22. Re1 Nd7 23. a5 f6 24. Nd3 Nc5 25. Nxc5 Bxc5 26. b4 Ba7 27. Kf1 Rd3 28. Ke2 Rfd8 29. Rc1 Kf7 30. Rb3 c6 31. Rcb1 Ke6 32. Nd4+ Bxd4 33. Kxd3 Bxf2+ 34. Ke2 Ba7 35. Rd1 Ra8 36. g4 h5 37. gxh5 Rh8 38. c4 Bd4 39. b5 Rxh5 40. bxa6 bxa6 41. Rdd3 Rh4 42. Rg3 Rxe4+ 43. Kd3 Rh4 44. Kc2 g5 45. Rb8 e4 46. Ra8 Be5 47. Rb3 Rxh3 48. Rxh3 1-0

[Event "European Online Club-ch-B 2021"]
[Site "Online"]
[Date "2021.03.27"]
[Round "2.9"]
[White "Sorensen, Hampus"]
[Black "Santos Latasa, Jaime"]
[Result "1/2-1/2"]
[ECO "D30"]
[WhiteElo "2395"]
[BlackElo "2608"]
[Annotator "ChessBase"]
[PlyCount "101"]
[EventDate "2021.03.27"]
[EventType "team-tourn"]
[EventCountry "NET"]
[SourceTitle "playchess.com"]
[Source "ChessBase"]
[SourceQuality "1"]
[TimeControl "900+5"]

1. d4 Nf6 2. c4 e6 3. Nf3 d5 4. Bg5 h6 5. Bxf6 Qxf6 6. e3 g6 7. Bd3 Bg7 8. Nc3 c6 9. O-O O-O 10. Re1 Qd8 11. e4 c5 12. cxd5 cxd4 13. Nb5 exd5 14. Nbxd4 Nc6 15. Nxc6 bxc6 16. Qc2 Rb8 17. Rab1 Bg4 18. Nd2 Qd6 19. Nb3 Rfe8 20. h3 Be6 21. Nc5 dxe4 22. Nxe4 Qf4 23. b3 Bd5 24. Qc1 Qh4 25. Nc3 Be6 26. Qc2 Rbd8 27. Rbd1 Qb4 28. Na4 Bd5 29. Rxe8+ Rxe8 30. Qc1 Bd4 31. Bf1 Bg7 32. Qc5 a5 33. Qxb4 axb4 34. Nb6 Be4 35. Bc4 Bf6 36. Re1 Bd4 37. Bd3 f5 38. Nc4 Re6 39. Bxe4 fxe4 40. Re2 Kg7 41. Kf1 c5 42. Nd2 e3 43. Nc4 Rf6 44. Nxe3 Bxe3 45. Rxe3 Rd6 46. Re5 Rd1+ 47. Re1 Rd2 48. Re2 Rd1+ 49. Re1 Rd2 50. Re2 Rd1+ 51. Re1 1/2-1/2

[Event "European Online Club-ch-B 2021"]
[Site "Online"]
[Date "2021.03.27"]
[Round "2.10"]
[White "Admiraal, Miguoel"]
[Black "Agrest, Inna"]
[Result "1-0"]
[ECO "A45"]
[WhiteElo "2475"]
[BlackElo "2285"]
[Annotator "ChessBase"]
[PlyCount "117"]
[EventDate "2021.03.27"]
[EventType "team-tourn"]
[EventCountry "NET"]
[SourceTitle "playchess.com"]
[Source "ChessBase"]
[SourceQuality "1"]
[TimeControl "900+5"]

1. d4 Nf6 2. Bg5 c5 3. d5 Qb6 4. Nc3 g6 5. e4 d6 6. Bb5+ Bd7 7. a4 a6 8. a5 Qc7 9. Be2 Bg7 10. Nf3 O-O 11. Nd2 b5 12. axb6 Qxb6 13. Nc4 Qc7 14. O-O Ra7 15. Qd2 Bb5 16. Ra2 Nbd7 17. Rfa1 Bxc4 18. Bxc4 Ne5 19. Bxa6 Qb6 20. Bf1 Rfa8 21. Rxa7 Rxa7 22. Rxa7 Qxa7 23. h3 Qa1 24. Qc1 Qa5 25. Bd2 Qb4 26. f3 Nc4 27. Bxc4 Qxc4 28. Qf1 Qd4+ 29. Qf2 Qb4 30. Nd1 Qa4 31. Bc3 Nd7 32. Qd2 Ne5 33. Bxe5 Bxe5 34. c3 Qa1 35. Kf2 h5 36. h4 Qb1 37. g3 Bf6 38. Kg2 Be5 39. Nf2 Bf6 40. Qe2 Bg7 41. Nd1 Bf6 42. Ne3 Bg7 43. Nc4 Bf6 44. f4 Bg7 45. e5 Bf8 46. e6 f5 47. Kh2 Qc1 48. Kg2 Qb1 49. Nb6 Bg7 50. Nc8 Bf6 51. Kh2 Kf8 52. Nb6 Kg7 53. Nd7 Qc1 54. Kg2 Qb1 55. Qd2 Qe4+ 56. Kh2 Qb1 57. Nxf6 Kxf6 58. b4 cxb4 59. Qd4# 1-0

[Event "European Online Club-ch-B 2021"]
[Site "Online"]
[Date "2021.03.27"]
[Round "2.11"]
[White "Rasti, Arvin"]
[Black "Matnadze, Ana"]
[Result "0-1"]
[ECO "D37"]
[WhiteElo "2195"]
[BlackElo "2421"]
[Annotator "NA"]
[PlyCount "106"]
[EventDate "2021.03.27"]
[EventType "team-tourn"]
[EventCountry "NET"]
[SourceTitle "playchess.com"]
[Source "ChessBase"]
[SourceQuality "1"]
[TimeControl "900+5"]

1. d4 Nf6 2. c4 e6 3. Nc3 d5 4. Nf3 Be7 5. Bf4 c6 6. e3 O-O 7. Qc2 Nbd7 8. O-O-O Nb6 9. Ne5 dxc4 10. Nxc4 Nbd5 11. Bg3 b5 12. Ne5 Bd7 13. Kb1 Rc8 14. Nxd5 Nxd5 15. Nd3 Nb4 16. Nxb4 Bxb4 17. Bd3 f5 18. a3 Be7 19. Qe2 a5 20. Be5 Bf6 21. g4 Qe7 22. f4 a4 23. Qd2 Rfd8 24. Rhg1 Kh8 25. Qb4 Qf7 26. Bxf6 Qxf6 27. g5 Qf8 28. Rc1 Qxb4 29. axb4 Kg8 30. Rc5 Kf8 31. Rgc1 Ke7 32. h4 Kd6 33. Be2 Ra8 34. R1c3 Rf8 35. Bf3 Ra6 36. Ra3 Rb6 37. Kc2 h6 38. g6 h5 39. Ra1 Ra6 40. Rc3 Ke7 41. Rg1 Kf6 42. Bxh5 Rh8 43. Rg5 Be8 44. Rc5 a3 45. bxa3 Rxa3 46. e4 fxe4 47. f5 e3 48. Re5 Bd7 49. Kb2 Rd3 50. Kc2 Rxd4 51. fxe6 Bxe6 52. Bf3 Rhxh4 53. Bxc6 Rc4+ 0-1

[Event "European Online Club-ch-B 2021"]
[Site "Online"]
[Date "2021.03.27"]
[Round "2.12"]
[White "Grochal, Joey"]
[Black "Wengholm, Anders"]
[Result "1/2-1/2"]
[ECO "A41"]
[WhiteElo "2335"]
[BlackElo "2198"]
[Annotator "NA"]
[PlyCount "111"]
[EventDate "2021.03.27"]
[EventType "team-tourn"]
[EventCountry "NET"]
[SourceTitle "playchess.com"]
[Source "ChessBase"]
[SourceQuality "1"]
[TimeControl "900+5"]

1. d4 d6 2. Nf3 g6 3. c4 Bg7 4. Nc3 e5 5. dxe5 dxe5 6. Qxd8+ Kxd8 7. Bg5+ f6 8. Rd1+ Ke8 9. Bc1 c6 10. Ne4 Bf8 11. e3 a5 12. Nd6+ Bxd6 13. Rxd6 Ke7 14. Rd2 Be6 15. b3 Na6 16. Be2 Nh6 17. O-O Rhd8 18. Rfd1 Nb4 19. a3 Na6 20. Bb2 Rxd2 21. Nxd2 Nc5 22. Bc3 Nf7 23. f4 Bf5 24. b4 Na4 25. Ba1 axb4 26. axb4 Nb6 27. e4 Be6 28. c5 Nd7 29. g3 Ra4 30. Bc3 Ra3 31. Rc1 h5 32. Nc4 Ra2 33. Bd3 h4 34. Ra1 Rxa1+ 35. Bxa1 hxg3 36. hxg3 Bxc4 37. Bxc4 Nd8 38. Kf2 b6 39. cxb6 Nxb6 40. Bd3 Nd7 41. Ke3 Nf7 42. Bb2 Nd6 43. Bc3 Nb5 44. Bb2 Nd6 45. Kf3 c5 46. fxe5 fxe5 47. bxc5 Nxc5 48. Bb1 Nc4 49. Bc3 Kf6 50. Ba2 Nd6 51. Bd5 Ne6 52. Bb2 Ng5+ 53. Ke3 Ne6 54. Kf3 Ng5+ 55. Ke3 Ne6 56. Kf3 1/2-1/2

[Event "European Online Club-ch-B 2021"]
[Site "Online"]
[Date "2021.03.27"]
[Round "2.13"]
[White "Brunner, Nicolas"]
[Black "Fontaine, Robert"]
[Result "0-1"]
[ECO "D15"]
[WhiteElo "2418"]
[BlackElo "2550"]
[Annotator "ChessBase"]
[PlyCount "80"]
[EventDate "2021.03.27"]
[EventType "team-tourn"]
[EventCountry "NET"]
[SourceTitle "playchess.com"]
[Source "ChessBase"]
[SourceQuality "1"]
[TimeControl "900+5"]

1. d4 d5 2. c4 c6 3. Nf3 Nf6 4. Nc3 a6 5. c5 Nbd7 6. Bf4 g6 7. h3 Bg7 8. e3 O-O 9. Bd3 Re8 10. O-O Nh5 11. Bh2 e5 12. Nxe5 Nxe5 13. dxe5 Bxe5 14. Qd2 Bxh2+ 15. Kxh2 d4 16. Ne4 dxe3 17. Qxe3 f5 18. Bc4+ Be6 19. Qb3 fxe4 20. Bxe6+ Kh8 21. Rad1 Qe7 22. Qc3+ Qf6 23. Qxf6+ Nxf6 24. Bc4 Re5 25. b4 a5 26. a3 axb4 27. axb4 Ra4 28. Rd8+ Kg7 29. Rb1 Re7 30. Rb8 g5 31. h4 gxh4 32. Kh3 e3 33. fxe3 Rxe3+ 34. Kh2 Re7 35. Kh3 Ra3+ 36. Kh2 Rc3 37. Ba2 Ng4+ 38. Kg1 Rg3 39. Rg8+ Kh6 40. Kh1 Re2 0-1

[Event "European Online Club-ch-B 2021"]
[Site "Online"]
[Date "2021.03.27"]
[Round "2.14"]
[White "Sokolov, Andrei"]
[Black "Mathieu, Phileas"]
[Result "1/2-1/2"]
[ECO "B30"]
[WhiteElo "2516"]
[BlackElo "2240"]
[Annotator "ChessBase"]
[PlyCount "130"]
[EventDate "2021.03.27"]
[EventType "team-tourn"]
[EventCountry "NET"]
[SourceTitle "playchess.com"]
[Source "ChessBase"]
[SourceQuality "1"]
[TimeControl "900+5"]

1. e4 c5 2. Nf3 Nc6 3. Bb5 e6 4. O-O Nge7 5. Re1 Nd4 6. Nxd4 cxd4 7. c3 a6 8. Bf1 Nc6 9. d3 Bc5 10. Nd2 O-O 11. Nb3 Bb6 12. cxd4 Nxd4 13. Be3 Nxb3 14. Qxb3 Bxe3 15. Rxe3 b5 16. a4 Rb8 17. a5 Bb7 18. Qb4 Rc8 19. d4 f5 20. e5 g5 21. Rc3 Rxc3 22. bxc3 Qc7 23. c4 bxc4 24. Bxc4 Rc8 25. Bf1 Ra8 26. Qe7 Qd8 27. Qxd8+ Rxd8 28. Rb1 Be4 29. Rb6 Kf8 30. f3 Bd5 31. h4 h6 32. hxg5 hxg5 33. Rxa6 Ke7 34. Rb6 Rc8 35. Rb1 Rc3 36. Ra1 Rc7 37. a6 Ra7 38. Rc1 Bc6 39. Kf2 Kd8 40. Be2 Kc7 41. g4 fxg4 42. fxg4 Ra8 43. Ra1 Kb6 44. Ke3 Rf8 45. Rb1+ Kc7 46. Rf1 Rxf1 47. Bxf1 Kb6 48. Kd2 Bf3 49. Bd3 Bxg4 50. Ke3 Bd1 51. Bb5 Bb3 52. Bxd7 Kxa6 53. Kf3 Kb6 54. Kg4 Kc7 55. Bb5 Kd8 56. Kxg5 Ke7 57. Kf4 Bc2 58. Ke3 Bf5 59. Bd3 Bg4 60. Kd2 Bh3 61. Kc3 Bg4 62. Kb4 Bh3 63. Kc5 Bg2 64. Bb5 Bf3 65. Bc6 Be2 1/2-1/2

[Event "European Online Club-ch-B 2021"]
[Site "Online"]
[Date "2021.03.27"]
[Round "2.15"]
[White "Thomas, Anysia"]
[Black "Riff, Jean-Noel"]
[Result "1/2-1/2"]
[ECO "E10"]
[WhiteElo "2164"]
[BlackElo "2499"]
[Annotator "ChessBase"]
[PlyCount "73"]
[EventDate "2021.03.27"]
[EventType "team-tourn"]
[EventCountry "NET"]
[SourceTitle "playchess.com"]
[Source "ChessBase"]
[SourceQuality "1"]
[TimeControl "900+5"]

1. d4 Nf6 2. c4 Nc6 3. Nf3 e6 4. g3 Bb4+ 5. Bd2 Bxd2+ 6. Qxd2 Qe7 7. Nc3 d5 8. Bg2 O-O 9. O-O dxc4 10. e4 e5 11. Nd5 Qd6 12. Nxe5 Nxe5 13. dxe5 Qxe5 14. Rfe1 c6 15. f4 Qd6 16. Nxf6+ Qxf6 17. e5 Qe7 18. Qd4 Be6 19. Qf2 Bf5 20. Rac1 Qe6 21. Qd4 b5 22. Qc5 Rac8 23. Rcd1 Bd3 24. Rd2 Rfd8 25. Red1 a5 26. Be4 g6 27. Bxd3 cxd3 28. Rxd3 Rxd3 29. Rxd3 Qxa2 30. Rd2 Qb3 31. Qb6 a4 32. Rd8+ Rxd8 33. Qxd8+ Kg7 34. Qf6+ Kg8 35. Qd8+ Kg7 36. Qf6+ Kg8 37. Qd8+ 1/2-1/2

[Event "European Online Club-ch-B 2021"]
[Site "Online"]
[Date "2021.03.27"]
[Round "2.16"]
[White "Miralles, Gilles"]
[Black "Frantz, Nicolas"]
[Result "1-0"]
[ECO "E11"]
[WhiteElo "2418"]
[BlackElo "2140"]
[Annotator "NA"]
[PlyCount "77"]
[EventDate "2021.03.27"]
[EventType "team-tourn"]
[EventCountry "NET"]
[SourceTitle "playchess.com"]
[Source "ChessBase"]
[SourceQuality "1"]
[TimeControl "900+5"]

1. d4 Nf6 2. c4 e6 3. Nf3 Bb4+ 4. Nbd2 O-O 5. a3 Be7 6. g3 d6 7. Bg2 Nc6 8. b4 e5 9. d5 Nb8 10. O-O a5 11. Bb2 Na6 12. Nb3 axb4 13. axb4 Bf5 14. Nh4 Bd7 15. b5 Nc5 16. Nxc5 dxc5 17. Bxe5 Ne8 18. Rxa8 Qxa8 19. Qa1 Qxa1 20. Rxa1 f6 21. Bc3 Nd6 22. Ra4 g5 23. Nf3 Bf5 24. Nd2 Bc2 25. Ra2 Bg6 26. e4 Re8 27. f4 gxf4 28. gxf4 Kf7 29. e5 fxe5 30. fxe5 Nf5 31. Ra7 Bg5 32. Rxb7 Be3+ 33. Kf1 Nd4 34. Nf3 Bd3+ 35. Ke1 Bxc4 36. Rxc7+ Kg8 37. Bxd4 Bxd4 38. Nxd4 Rxe5+ 39. Kf2 1-0

[Event "European Online Club-ch-B 2021"]
[Site "Online"]
[Date "2021.03.27"]
[Round "3.1"]
[White "Svane, Rasmus"]
[Black "Chlpik, Martin"]
[Result "1-0"]
[ECO "B39"]
[WhiteElo "2613"]
[BlackElo "2199"]
[Annotator "ChessBase"]
[PlyCount "101"]
[EventDate "2021.03.27"]
[EventType "team-tourn"]
[EventCountry "NET"]
[SourceTitle "playchess.com"]
[Source "ChessBase"]
[SourceQuality "1"]
[TimeControl "900+5"]

1. Nf3 c5 2. c4 g6 3. e4 Bg7 4. d4 cxd4 5. Nxd4 Nc6 6. Be3 Nf6 7. Nc3 Ng4 8. Qxg4 Nxd4 9. Qd1 Nc6 10. Qd2 d6 11. Be2 Be6 12. O-O O-O 13. Nd5 Ne5 14. Rac1 Ng4 15. Bg5 Nf6 16. Nxf6+ exf6 17. Bf4 f5 18. exf5 Bxf5 19. Bf3 Qb6 20. b3 Rad8 21. Rfe1 Rd7 22. Bd5 Qd8 23. h3 Qf6 24. Re2 Be6 25. Bg5 Qd4 26. Rxe6 fxe6 27. Bxe6+ Rdf7 28. Re1 Qxd2 29. Bxd2 Bd4 30. Be3 Bxe3 31. Rxe3 Kg7 32. Bxf7 Rxf7 33. Kf1 Rd7 34. Ke2 Kf7 35. Kd3 Rd8 36. Kd4 Rc8 37. Kd5 Rc6 38. f3 Ra6 39. a4 h6 40. f4 Rc6 41. b4 h5 42. g4 hxg4 43. hxg4 a6 44. Re4 Kf6 45. Re6+ Kf7 46. Rxd6 Rc7 47. c5 Re7 48. b5 a5 49. c6 bxc6+ 50. bxc6 Re1 51. c7 1-0

[Event "European Online Club-ch-B 2021"]
[Site "Online"]
[Date "2021.03.27"]
[Round "3.2"]
[White "Solcan, Martin"]
[Black "Hansen, Sune Berg"]
[Result "1/2-1/2"]
[ECO "D78"]
[WhiteElo "2076"]
[BlackElo "2533"]
[Annotator "ChessBase"]
[PlyCount "65"]
[EventDate "2021.03.27"]
[EventType "team-tourn"]
[EventCountry "NET"]
[SourceTitle "playchess.com"]
[Source "ChessBase"]
[SourceQuality "1"]
[TimeControl "900+5"]

1. g3 d5 2. Bg2 g6 3. c4 dxc4 4. Qa4+ c6 5. Qxc4 Bg7 6. Nf3 Nf6 7. d4 O-O 8. O-O Na6 9. Nc3 Bf5 10. Ne5 Qb6 11. Na4 Qb4 12. Qxb4 Nxb4 13. Bg5 Rfd8 14. e3 h6 15. Bxf6 exf6 16. Nf3 Bd3 17. Rfc1 b6 18. Ne1 Ba6 19. a3 Nd5 20. Nc3 Ne7 21. b4 Rac8 22. a4 Bc4 23. a5 b5 24. Bf1 Be6 25. Nd3 f5 26. Bg2 Bf8 27. Nc5 Bc4 28. Nb7 Rd7 29. Nc5 Rd6 30. Nb7 Rd7 31. Nc5 Rdc7 32. Na6 Rd7 33. Nc5 1/2-1/2

[Event "European Online Club-ch-B 2021"]
[Site "Online"]
[Date "2021.03.27"]
[Round "3.3"]
[White "Engel, Luis"]
[Black "Lecky, Juraj"]
[Result "1-0"]
[ECO "B91"]
[WhiteElo "2553"]
[BlackElo "2070"]
[Annotator "ChessBase"]
[PlyCount "109"]
[EventDate "2021.03.27"]
[EventType "team-tourn"]
[EventCountry "NET"]
[SourceTitle "playchess.com"]
[Source "ChessBase"]
[SourceQuality "1"]
[TimeControl "900+5"]

1. e4 c5 2. Nf3 d6 3. d4 cxd4 4. Nxd4 Nf6 5. Nc3 a6 6. g3 e5 7. Nde2 b5 8. Nd5 Nxd5 9. Qxd5 Ra7 10. Be3 Bb7 11. Qd3 Ra8 12. Bg2 Nd7 13. Nc3 Qa5 14. O-O Be7 15. Nd5 Bxd5 16. Qxd5 O-O 17. Bh3 Nf6 18. Qb7 Rfe8 19. c3 Qa4 20. Qc6 Qc4 21. Qxc4 bxc4 22. f3 Rab8 23. Rab1 d5 24. exd5 Nxd5 25. Bf2 Red8 26. Rfe1 Bf6 27. Bf1 Nb6 28. Bxb6 Rxb6 29. Bxc4 Rd2 30. Re2 Rxe2 31. Bxe2 Rd6 32. Rd1 Rxd1+ 33. Bxd1 Kf8 34. Kf2 Ke7 35. Ke3 Bg5+ 36. Ke4 Kd6 37. b4 Bd2 38. Kd3 Be1 39. Bb3 f5 40. Bc4 Bf2 41. Bxa6 Bg1 42. h3 g5 43. Bc8 f4 44. gxf4 gxf4 45. a4 Kc7 46. Bf5 h6 47. a5 Kd6 48. c4 Bd4 49. c5+ Kc6 50. Kc4 Kc7 51. b5 Be3 52. b6+ Kb7 53. Kb5 h5 54. a6+ Kb8 55. a7+ 1-0

[Event "European Online Club-ch-B 2021"]
[Site "Online"]
[Date "2021.03.27"]
[Round "3.4"]
[White "Nikel, Rastislav"]
[Black "Kramer, Julian"]
[Result "0-1"]
[ECO "B58"]
[WhiteElo "1984"]
[BlackElo "2419"]
[Annotator "NA"]
[PlyCount "124"]
[EventDate "2021.03.27"]
[EventType "team-tourn"]
[EventCountry "NET"]
[SourceTitle "playchess.com"]
[Source "ChessBase"]
[SourceQuality "1"]
[TimeControl "900+5"]

1. e4 c5 2. Nf3 d6 3. d4 cxd4 4. Nxd4 Nf6 5. Nc3 Nc6 6. Be3 e5 7. Nxc6 bxc6 8. Be2 Be7 9. O-O O-O 10. f4 exf4 11. Rxf4 Be6 12. Qd2 Nd7 13. Raf1 Ne5 14. b3 Bg5 15. R4f2 Bxe3 16. Qxe3 Qb6 17. Qg3 Rfd8 18. Kh1 Qa5 19. h4 h6 20. Nd1 Qb4 21. c4 a5 22. Ne3 Qc3 23. Bh5 a4 24. Kh2 axb3 25. axb3 Qxb3 26. c5 Ra5 27. cxd6 Rxd6 28. Bd1 Rxd1 29. Rxd1 Qxe3 30. Rf4 Qxg3+ 31. Kxg3 Ra3+ 32. Kh2 h5 33. Rd2 Ng4+ 34. Kg1 Ra1+ 35. Rf1 Rxf1+ 36. Kxf1 c5 37. Ke2 c4 38. Rd6 Kf8 39. Rc6 Ke7 40. Kd2 Ne5 41. Ra6 Kf6 42. Kc3 g5 43. hxg5+ Kxg5 44. Kd4 Ng6 45. Ra3 Kg4 46. g3 Ne7 47. Kc5 Ng8 48. Kd6 Nf6 49. Ke5 Kg5 50. Kd4 Kg4 51. Ke5 Nh7 52. Kd4 Ng5 53. e5 Nf3+ 54. Ke4 Nd2+ 55. Kd4 Nb3+ 56. Kc3 Kxg3 57. Ra8 Kf4 58. Rh8 Kg5 59. Rg8+ Kh6 60. Rh8+ Kg6 61. Kb4 Nd2 62. Kc3 Nf3 0-1

[Event "European Online Club-ch-B 2021"]
[Site "Online"]
[Date "2021.03.27"]
[Round "3.6"]
[White "Wojtaszek, Radoslaw"]
[Black "Fontaine, Robert"]
[Result "1/2-1/2"]
[ECO "A25"]
[WhiteElo "2705"]
[BlackElo "2550"]
[Annotator "RC"]
[PlyCount "96"]
[EventDate "2021.03.27"]
[EventType "team-tourn"]
[EventCountry "NET"]
[SourceTitle "playchess.com"]
[Source "ChessBase"]
[SourceQuality "1"]
[TimeControl "900+5"]

1. c4 e5 2. Nc3 Nc6 3. g3 g6 4. Bg2 Bg7 5. d3 d6 6. e3 f5 7. Nge2 Nf6 8. b3 O-O 9. Bb2 g5 10. Qd2 a5 11. f4 exf4 12. gxf4 g4 13. h3 Be6 14. hxg4 Nxg4 15. Nd5 Qd7 16. Ng3 Nb4 17. Nxb4 axb4 18. Nh5 Bxb2 19. Qxb2 Qf7 20. Bxb7 Ra7 21. Bf3 Qg6 22. Kd2 c5 23. Rag1 Kf7 24. Kc1 Ke7 25. e4 Rg8 26. Ng3 Kd8 27. Bxg4 Qxg4 28. Ne2 Qf3 29. Qf6+ Kc7 30. Qxe6 Qe3+ 31. Kd1 Qxd3+ 32. Ke1 Rxa2 33. exf5 Rxg1+ 34. Rxg1 Kb6 35. f6 Qd2+ 36. Kf1 Qd3 37. Kf2 Qd4+ 38. Kf3 Qd3+ 39. Qe3 Qf5 40. Rg8 Qh3+ 41. Ng3 h5 42. Rb8+ Ka7 43. Qe7+ Kxb8 44. Qxd6+ Kb7 45. Qd5+ Kb6 46. Qd6+ Kb7 47. Qd5+ Kb6 48. Qd6+ Kb7 1/2-1/2

[Event "European Online Club-ch-B 2021"]
[Site "Online"]
[Date "2021.03.27"]
[Round "3.8"]
[White "Sasikiran, Krishnan"]
[Black "Riff, Jean-Noel"]
[Result "1-0"]
[ECO "C92"]
[WhiteElo "2647"]
[BlackElo "2499"]
[Annotator "ChessBase"]
[PlyCount "59"]
[EventDate "2021.03.27"]
[EventType "team-tourn"]
[EventCountry "NET"]
[SourceTitle "playchess.com"]
[Source "ChessBase"]
[SourceQuality "1"]
[TimeControl "900+5"]

1. e4 e5 2. Nf3 Nc6 3. Bb5 a6 4. Ba4 Nf6 5. O-O Be7 6. Re1 b5 7. Bb3 d6 8. c3 O-O 9. h3 Bb7 10. d4 Re8 11. Nbd2 Bf8 12. a4 h6 13. Bc2 exd4 14. cxd4 Nb4 15. Bb1 c5 16. d5 Nd7 17. Ra3 c4 18. Nd4 Qb6 19. Nf5 Ne5 20. Rg3 g6 21. Nf3 Ned3 22. Be3 Qc7 23. Nxh6+ Bxh6 24. Bxh6 Nxe1 25. Nxe1 Re5 26. f4 Qc5+ 27. Kh2 Re7 28. f5 Kh7 29. Be3 Qc8 30. Qg4 1-0